 Dungeon Crawl Stone Soup version 0.18-a0-1639-g7533f42 (webtiles) character file.

227 4thArraOfDagon the Chopper (level 6, 1/48 HPs)
             Began as a Human Fighter on Mar 27, 2016.
             Was an Initiate of Ru.
             Quit the game on level 4 of the Dungeon.
             The game lasted 00:03:18 (522 turns).

4thArraOfDagon the Chopper (Human Fighter)           Turns: 522, Time: 00:03:19

Health: 1/48       AC: 11    Str: 22    XL:     6   Next: 22%
Magic:  6/6        EV:  7    Int:  8    God:    Ru [......]
Gold:   52         SH:  9    Dex: 13    Spells: 0 memorised, 5 levels left

rFire  . . .     SeeInvis .     a - +0 war axe
rCold  . . .     Gourm    .     d - +4 scale mail {MR+}
rNeg   . . .     Faith    .     c - +0 shield
rPois  .         Spirit   .     (no helmet)
rElec  .         Dismiss  .     (no cloak)
rCorr  .         Reflect  .     (no gloves)
SustAt .         Harm     .     (no boots)
MR     +....                    (no amulet)
Stlth  ..........               (no ring)
                                g - +4 ring of strength

@: lethally poisoned (1 -> -1), somewhat resistant to hostile enchantments,
extremely unstealthy
A: no striking features
a: Renounce Religion


You were on level 4 of the Dungeon.
You worshipped Ru.
Ru was noncommittal.
You were not hungry.

You visited 1 branch of the dungeon, and saw 4 of its levels.

You collected 52 gold pieces.

Inventory:

Hand Weapons
 a - a +0 war axe (weapon)
Armour
 c - a +0 shield (worn)
 d - a +4 scale mail of magic resistance (worn)
Jewellery
 g - a +4 ring of strength (left hand)
Scrolls
 e - a scroll of enchant weapon {unknown}
Comestibles
 b - 2 meat rations
 f - a bread ration


   Skills:
 + Level 4.2 Fighting
 * Level 4.5 Axes
 + Level 3.9 Armour
 - Level 3.0 Shields


You had 5 spell levels left.
You didn't know any spells.

Dungeon Overview and Level Annotations

Branches:
Dungeon (4/15)
 Temple: D:4-7

Altars:
Qazlal
Ru


Message History

Unknown command.
You closely miss the adder.
The adder is moderately wounded.
* * * LOW HITPOINT WARNING * * *
You feel sick.
The adder bites you but does no damage. x2
Unknown command.
You closely miss the adder.
The adder is moderately wounded.
* * * LOW HITPOINT WARNING * * *
You feel sick. The adder barely misses you.
The adder bites you but does no damage.
Unknown command.
Unknown command.
You miss the adder.
The adder is moderately wounded.
* * * LOW HITPOINT WARNING * * *
You feel sick. You block the adder's attack. x2
Unknown command.
Unknown command.
Are you sure you want to abandon this character and quit the game? (Confirm with "yes".)

......
#..#......#
.....
##.#..#####
...######....#
.............#
.............#
...........>##
##..........#
......#'########
.......S@.......
................
................
................
................
#...............
#.....##########
.....


You could see an adder.

Vanquished Creatures
  A centaur (D:4)
  2 hounds (D:4)
  Terence (D:2)
  4 adders
  2 dart slugs (D:3)
  3 orcs (D:3)
  2 ball pythons
  3 bats
  A goblin (D:3)
  4 hobgoblins (D:2)
  A jackal (D:4)
  A giant newt (D:2)
  3 kobolds
  A rat (D:2)
29 creatures vanquished.

Notes
Turn   | Place    | Note
--------------------------------------------------------------
     0 | D:1      | 4thArraOfDagon the Human Fighter began the quest for the Orb.
     0 | D:1      | Reached XP level 1. HP: 18/18 MP: 1/1
    82 | D:2      | Noticed Terence
    91 | D:2      | Killed Terence
    91 | D:2      | Reached XP level 2. HP: 20/24 MP: 2/2
    91 | D:2      | Reached XP level 3. HP: 24/29 MP: 3/3
   131 | D:2      | Reached XP level 4. HP: 22/35 MP: 4/4
   228 | D:3      | Found a stormy altar of Qazlal.
   229 | D:3      | Found a sacrificial altar of Ru.
   287 | D:3      | Became a worshipper of Ru the Awakened
   429 | D:4      | Noticed a centaur
   438 | D:4      | Killed a centaur
   438 | D:4      | Reached XP level 5. HP: 30/42 MP: 5/5
   477 | D:4      | Reached XP level 6. HP: 5/48 MP: 6/6
   520 | D:4      | HP: 2/48 [poisoned by an adder]
   522 | D:4      | Quit the game

Vault maps used:
D:1:      dpeg_arrival_snail
D:2:      uniq_terence
D:3:      old_standard_altar, gammafunk_temple_overflow_pools,
          kennysheep_minor_cross, kennysheep_generic_room_3
D:4:      marbit_many_paths

Skill      XL: |  1  2  3  4 |
---------------+-------------+-----
Axes           | 3 4 |  4.5
Fighting       | 4 |  4.2
Armour         | |  3.9
Shields        | |  3.0

Action                   |  1- 3 |  4- 6 || total
-------------------------+-------+-------++-------
Melee: War axe           |    19 |    61 ||    80
  Use: Potion            |     1 |       ||     1
